 Dungeon Crawl Stone Soup version 0.24-a0-181-gd121a6d (webtiles) character file.

Game seed: 15841584359025280151

120 galech the Shield-Bearer (level 4, 0/35 HPs)
             Began as a Demonspawn Fighter on Mar 14, 2019.
             Slain by Natasha (7 damage)
             ... on level 4 of the Dungeon.
             The game lasted 00:02:31 (2745 turns).

galech the Shield-Bearer (Demonspawn Fighter)       Turns: 2745, Time: 00:02:32

Health: 0/35       AC:  8    Str: 16    XL:     4   Next: 75%
Magic:  4/4        EV:  6    Int: 10    God:
Gold:   145        SH:  9    Dex: 13    Spells: 3/3 levels left

rFire    . . .     SeeInvis .   a - +0 war axe
rCold    . . .     Gourm    .   c - +0 shield
rNeg     . . .     Faith    .   b - +0 scale mail
rPois    .         Spirit   .   (no helmet)
rElec    .         Reflect  .   (no cloak)
rCorr    .         Harm     .   (no gloves)
MR       .....                  (no boots)
Stlth    ..........             (no amulet)
HPRegen  0.11/turn              (no ring)
MPRegen  0.09/turn              (no ring)

@: lethally poisoned (0 -> -2), slowed, drained, very slow
A: claws 1, icy blue scales 1
a: no special abilities


You were on level 4 of the Dungeon.
You were not hungry.

You visited 1 branch of the dungeon, and saw 4 of its levels.

You collected 145 gold pieces.

Inventory:

Hand Weapons
 a - a +0 war axe (weapon)
Armour
 b - a +0 scale mail (worn)
 c - a +0 shield (worn)
Jewellery
 h - an uncursed amulet of harm
Scrolls
 e - 2 scrolls of identify {unknown}
 g - a scroll of immolation {unknown}
 m - a scroll of fog {unknown}
 p - a scroll of amnesia {unknown}
 q - 3 scrolls of teleportation {unknown}
 r - a scroll of random uselessness {unknown}
 t - 2 scrolls of remove curse {unknown}
Potions
 d - a potion of might
 i - a potion of resistance {unknown}
 j - a potion of brilliance {unknown}
 k - a potion of curing {unknown}
 l - a potion of heal wounds
 n - a potion of magic {unknown}
 o - 2 potions of lignification {unknown}
Comestibles
 f - 7 rations


   Skills:
 + Level 3.3(2.6) Fighting
 + Level 2.8(2.1) Axes
 + Level 3.3(2.6) Armour
 + Level 0.6(0.0) Dodging
 + Level 3.6(2.9) Shields


You had 3 spell levels left.
You didn't know any spells.
Your spell library was empty.

Dungeon Overview and Level Annotations

Branches:
Dungeon (4/15)
 Temple: D:4-7

Altars:

Annotations:
D:4 Natasha


Innate Abilities, Weirdness & Mutations

You have sharp fingernails.
You are partially covered in icy blue scales. (AC +2)


Message History

Natasha is heavily wounded.
You closely miss the leopard gecko.
You feel sick.
The leopard gecko bites you but does no damage.
Natasha mumbles some strange words.
You block the leopard gecko's attack. Natasha claws you.
* * * LOW HITPOINT WARNING * * *
The leopard gecko bites you.
* * * LOW HITPOINT WARNING * * *
Natasha howls an incantation.
You feel troubled. Natasha closely misses you.
You hit Natasha but do no damage.
Natasha is heavily wounded.
You hit the leopard gecko.
You kill the leopard gecko!
Natasha stares at you and mumbles some strange words.
The magic dart hits you but does no damage.
The shadow imp hits you but does no damage.
Natasha claws you!
You die...

# # #.######.#
###.#.. .#.####
...... .......
.####.#.##5..####
.........@h......
####.#.#########
#.# #.# #.#######
#.......#
#.......#
#.......#
#.......#


You could see Natasha and a shadow imp.

Vanquished Creatures
  4 adders
  2 oozes
  2 worms
  2 dart slugs
  2 leopard geckos
  3 orcs
  9 bats
  A giant cockroach (D:1)
  7 goblins
  5 hobgoblins
  5 jackals
  9 kobolds
  2 ball pythons
  5 frilled lizards
  2 rats (D:2)
60 creatures vanquished.

Vanquished Creatures (others)
  A goblin (D:1)
1 creature vanquished.

Grand Total: 61 creatures vanquished

Notes
Turn   | Place    | Note
-------+----------+-------------------------------------------
     0 | D:1      | galech the Demonspawn Fighter began the quest for the Orb.
     0 | D:1      | Reached XP level 1. HP: 18/18 MP: 1/1
    75 | D:1      | Gained mutation: You are partially covered in icy blue
                  | scales. (AC +2) [demonic ancestry]
    75 | D:1      | Reached XP level 2. HP: 24/24 MP: 2/2
   463 | D:2      | Gained mutation: You have sharp fingernails. [demonic
                  | ancestry]
   463 | D:2      | Reached XP level 3. HP: 29/29 MP: 3/3
  1442 | D:2      | Reached XP level 4. HP: 16/35 MP: 4/4
  2736 | D:4      | Noticed Natasha
  2745 | D:4      | Slain by Natasha

Levels and vault maps discovered:
D:1:      shiori_arrival_oz, layout_rooms
D:2:      layout_basic, serial_corexii_hall, corexii_hall_statues_l,
          corexii_hall_statues_i, first_ration
D:3:      layout_loops_cross, chequers_big_river
D:4:      layout_basic, marbit_many_paths, dk_noncrumbling_4, st_stairs_4,
          uniq_natasha

Skill      XL: |  1  2 |
---------------+-------+-----
Armour         | 3 |  3.3
Shields        | 3 |  3.6
Axes           | 2 |  2.8
Fighting       | |  3.3
Dodging        | |  0.6

Action                   |  1- 3 |  4- 6 || total
-------------------------+-------+-------++-------
Melee: War axe           |   122 |    99 ||   221
  Use: Potion            |       |     1 ||     1
  Eat: Chunk             |     2 |     4 ||     6
Armor: Scale mail        |    83 |    94 ||   177
Dodge: Dodged            |    41 |    42 ||    83
Block: Shield            |    70 |    78 ||   148

Table legend:
 A = Non-vault XP
 B = Vault XP
 C = Vault XP percentage of total XP
 D = Non-vault monster count
 E = Vault monster count
 F = Vault count percentage of total count
                 A         B        C        D         E       F
            +---------+---------+-------+---------+---------+-------
      Total |     170 |       2 |   1.2 |      59 |       1 |   1.7
            +---------+---------+-------+---------+---------+-------
        D:1 |      38 |       2 |   5.0 |      19 |       1 |   5.0
        D:2 |      62 |       0 |   0.0 |      16 |       0 |   0.0
        D:3 |      51 |       0 |   0.0 |      21 |       0 |   0.0
        D:4 |      19 |       0 |   0.0 |       3 |       0 |   0.0
            +---------+---------+-------+---------+---------+-------
